 Dungeon Crawl Stone Soup version 0.24.0-2-g5b39cebb1c (webtiles) character file.

Game seed: 5494951504216643311, levelgen mode: deterministic

879 Mrkan the Chopper (level 8, -2/70 HPs)
             Began as a Hill Orc Fighter on Oct 31, 2019.
             Was an Initiate of Qazlal.
             Slain by an orc warrior
             ... wielding a +0 war axe
              (12 damage)
             ... on level 5 of the Dungeon.
             The game lasted 00:09:29 (4628 turns).

Mrkan the Chopper (Hill Orc Fighter)                Turns: 4628, Time: 00:09:30

Health: -2/70      AC: 13    Str: 24    XL:     8   Next: 5%
Magic:  10/10      EV:  8    Int:  8    God:    Qazlal [......]
Gold:   225        SH: 10    Dex: 12    Spells: 7/7 levels left

rFire    . . .     SeeInvis .   a - +0 war axe
rCold    . . .     Gourm    .   c - +0 shield
rNeg     . . .     Faith    .   b - +0 scale mail
rPois    .         Spirit   .   (no helmet)
rElec    .         Reflect  .   g - +0 cloak
rCorr    .         Harm     .   h - +2 pair of gloves
MR       .....                  r - +0 pair of boots
Stlth    ..........             (no amulet)
HPRegen  0.21/turn              (no ring)
MPRegen  0.12/turn              (no ring)

@: mighty
A: no striking features
a: Renounce Religion


You were on level 5 of the Dungeon.
You worshipped Qazlal.
Qazlal was noncommittal.
You were not hungry.

You visited 1 branch of the dungeon, and saw 6 of its levels.

You collected 225 gold pieces.

Inventory:

Hand Weapons
 a - a +0 war axe (weapon)
Armour
 b - a +0 scale mail (worn)
 c - a +0 shield (worn)
 g - a +0 cloak (worn)
 h - a +2 pair of gloves (worn)
 r - a +0 pair of boots (worn)
Jewellery
 l - a +3 ring of dexterity {unknown}
 t - a +4 ring of strength {unknown}
Wands
 y - a wand of flame (8)
 C - a wand of scattershot (7)
Scrolls
 e - 3 scrolls of identify {unknown}
 k - 2 scrolls of teleportation {unknown}
 n - a scroll of amnesia {unknown}
 o - 3 scrolls of remove curse {unknown}
 u - 2 scrolls of enchant weapon {unknown}
 v - a scroll of enchant armour {unknown}
 w - 3 scrolls of fog {unknown}
 A - a scroll of fear {unknown}
Potions
 d - a potion of might
 i - a potion of flight {unknown}
 j - a potion of mutation {unknown}
 m - 4 potions of curing
 p - 2 potions of brilliance {unknown}
 q - a potion of magic {unknown}
 s - a potion of agility {unknown}
 x - 3 potions of lignification {unknown}
 z - a potion of degeneration {unknown}
Comestibles
 f - 9 rations
 B - 2 chunks of flesh


   Skills:
 + Level 5.7 Fighting
 * Level 7.3 Axes
 + Level 5.1 Armour
 + Level 5.2 Shields
 + Level 3.6 Invocations


You had 7 spell levels left.
You didn't know any spells.
Your spell library was empty.

Dungeon Overview and Level Annotations

Branches:
Dungeon (6/15)             Temple (0/1) D:5

Altars:
Elyvilon
Fedhas
Gozag
Qazlal
Trog
Xom
Yredelemnul


Message History

The orc warrior hits you with a +0 war axe.
You closely miss the orc warrior.
The orc warrior is almost dead.
The orc warrior closely misses you.
You barely miss the orc warrior.
The orc warrior is almost dead.
The orc warrior hits you with a +0 war axe!
* * * LOW HITPOINT WARNING * * *
You closely miss the orc warrior.
The orc warrior is almost dead.
You block the orc warrior's attack.
You hit the orc warrior but do no damage.
The orc warrior is almost dead.
The orc warrior barely misses you.
You feel very mighty all of a sudden.
The orc warrior hits you but does no damage.
You hit the orc warrior.
The orc warrior is almost dead.
The orc warrior hits you with a +0 war axe!
You die...

###.......###...##
#..⌠....>....
##.....###...##
#....##...##. #....##
##..## #.....##.##..
####....# #...##
##.##..#.#..# ..##...##
##...### #..##.....##
........#
##....####..##.⌠.##.
##......#
#...........#...#..
##.....#
##))...............#
#..<..#
##.o@###........#####
##....# ##..###
###......## #....# ##..##
#.......## ##...###..##
##..###..## # ######...#
#.## ##..## ###
#....#...# ##.# ##..#
#.###.....(..### #..#
##..
#..............#######..#
##.
####........<..........##
##


You could see an orc warrior.

Vanquished Creatures
  A phantom (D:5)
  An ice beast (D:5)
  A centaur (D:5)
  Blork the orc (D:5)
  A crimson imp (D:5)
  3 orc priests (D:5)
  A bullfrog zombie (D:5)
  Crazy Yiuf (D:2)
  2 orc wizards (D:4)
  2 worker ants (D:5)
  Robin (D:4)
  2 howler monkey skeletons (D:5)
  7 gnolls
  2 adders
  2 oozes
  5 worms
  A dart slug (D:1)
  6 leopard geckos
  15 orcs
  4 ball pythons
  9 bats
  2 giant cockroaches
  12 goblins
  10 hobgoblins
  8 jackals
  A quokka (D:2)
  6 frilled lizards
  8 kobolds
  A quokka skeleton (D:5)
  18 rats
  A fungus (D:2)
135 creatures vanquished.

Notes
Turn   | Place    | Note
-------+----------+-------------------------------------------
     0 | D:1      | Mrkan the Hill Orc Fighter began the quest for the Orb.
     0 | D:1      | Reached XP level 1. HP: 19/19 MP: 1/1
    41 | D:1      | Reached skill level 3 in Axes
    44 | D:1      | Reached XP level 2. HP: 27/27 MP: 2/2
   192 | D:1      | Reached XP level 3. HP: 32/33 MP: 3/3
   973 | D:2      | Reached skill level 4 in Axes
   976 | D:2      | Reached XP level 4. HP: 38/40 MP: 4/4
  1538 | D:2      | Found a runed translucent door.
  1539 | D:2      | Noticed Crazy Yiuf
  1546 | D:2      | Killed Crazy Yiuf
  1679 | D:3      | Reached XP level 5. HP: 47/47 MP: 5/5
  1979 | D:3      | Reached skill level 5 in Axes
  2356 | D:3      | Found a white marble altar of Elyvilon.
  2380 | D:3      | Became a worshipper of Elyvilon the Healer
  2648 | D:4      | Reached XP level 6. HP: 49/53 MP: 6/6
  2762 | D:4      | Noticed Robin
  2764 | D:4      | Reached skill level 1 in Invocations
  2772 | D:4      | Killed Robin
  2812 | D:4      | Reached * piety under Elyvilon
  2835 | D:4      | Found a basalt altar of Yredelemnul.
  3050 | D:5      | Entered Level 5 of the Dungeon
  3050 | D:5      | Found an opulent altar of Gozag.
  3114 | D:5      | Found a stormy altar of Qazlal.
  3135 | D:5      | Noticed a phantom
  3140 | D:5      | Fell from the grace of Elyvilon
  3140 | D:5      | Became a worshipper of Qazlal Stormbringer
  3169 | D:5      | Killed a phantom
  3169 | D:5      | Reached skill level 5 in Fighting
  3169 | D:5      | Reached skill level 6 in Axes
  3211 | D:5      | Found a staircase to the Ecumenical Temple.
  3233 | D:5      | Reached XP level 7. HP: 60/61 MP: 8/8
  3713 | D:5      | Reached skill level 5 in Shields
  3941 | D:5      | Noticed Blork the orc
  3960 | D:5      | Killed Blork the orc
  3960 | D:5      | Reached skill level 7 in Axes
  3960 | D:5      | Reached skill level 5 in Armour
  4219 | D:5      | Reached XP level 8. HP: 65/70 MP: 10/10
  4242 | D:5      | Found a blossoming altar of Fedhas.
  4345 | D:5      | Noticed a moth of wrath
  4348 | D:5      | Found a bloodstained altar of Trog.
  4546 | D:5      | Found a shimmering altar of Xom.
  4628 | D:5      | Slain by an orc warrior

Levels and vault maps discovered:
D:1:      giann_bridges, layout_loops_corners, minmay_unequal
D:2:      layout_loops_ring, uniq_crazy_yiuf_cottage
D:3:      layout_basic, old_standard_altar
D:4:      layout_loops_ring, yredelemnul_altar_generic, first_ration, uniq_robin
D:5:      layout_layer_cave, tgw_trog, nicolae_overflow_hidden_temple,
          lemuel_doored_altar, nicolae_gozag_seed_capital, lemuel_round_altar,
          minmay_temple_entry_waves, uniq_blork_the_orc
D:6:      layout_cave_pods, kennysheep_mini, grunt_temple_overflow_open,
          palyth_stone_intersect

Skill      XL: |  1  2  3  4  5  6  7 |
---------------+----------------------+-----
Axes           | 3 4 5 6 7 |  7.3
Fighting       | 4 5 |  5.7
Shields        | 4 5 |  5.2
Armour         | 4 5 |  5.1
Invocations    | 2 3 |  3.6

Action                   |  1- 3 |  4- 6 |  7- 9 || total
-------------------------+-------+-------+-------++-------
Melee: War axe           |   120 |   221 |   119 ||   460
  Use: Potion            |       |       |     1 ||     1
  Eat: Chunk             |       |     8 |     5 ||    13
Armor: Scale mail        |    52 |   128 |    63 ||   243
Dodge: Dodged            |    46 |    79 |    35 ||   160
Block: Shield            |    68 |   137 |    45 ||   250
